 Dungeon Crawl Stone Soup version 0.31.0-12-g77e489cdc1 (webtiles) character file.

Game seed: 10291968738165216062

6244 hypolearner the Geomancer (level 10, -1/76 HPs)
             Began as a Gnoll Wanderer on Feb 18, 2024.
             Was a Priest of Vehumet.
             Incinerated by a deep elf pyromancer (8 damage)
             ... with a pyre arrow
             ... on level 8 of the Dungeon.
             The game lasted 00:31:28 (10941 turns).

hypolearner the Geomancer (Gnoll Wanderer)         Turns: 10941, Time: 00:31:29

Health: -1/76      AC:  8    Str: 11    XL:     10   Next: 93%
Magic:  12/21      EV: 14    Int: 14    God:    Vehumet [***...]
Gold:   235        SH:  0    Dex: 14    Spells: 20/24 levels left

rFire   . . .        A - +0 demon blade (drain)
rCold   . . .        (no shield)
rNeg    + . .        e - +0 leather armour
rPois   .            (no helmet)
rElec   .            (no cloak)
rCorr   .            c - +0 pair of gloves
SInv    .            j - +2 pair of boots
Will    .....        (no amulet)
Stlth   +            v - ring of positive energy
HPRegen 0.32/turn    (no ring)
MPRegen 0.17/turn

%: no passive effects
@: on fire, glowing
A: fangs 1, strong nose, distributed training
a: Renounce Religion


You were on level 8 of the Dungeon.
You worshipped Vehumet.
Vehumet was most pleased with you.
You visited 1 branch of the dungeon, and saw 8 of its levels.
You also visited: Sewer and Bailey.

You collected 382 gold pieces.
You spent 147 gold pieces at shops.

Inventory:

Hand Weapons
 z - a +1 scimitar of holy wrath
 A - a +0 demon blade of draining (weapon)
Missiles
 b - 55 poisoned darts
Armour
 c - a +0 pair of gloves (worn)
 e - a +0 leather armour (worn)
 j - a +2 pair of boots (worn)
 C - the +2 kite shield of the Storm King {rPois Will++ Str+3 Int-5}
   (You found it in a bailey)

   Str+3:     It affects your strength (+3).
   Int-5:     It affects your intelligence (-5).
   rPois:     It protects you from poison Will++: It greatly increases your
   willpower.
Jewellery
 v - a ring of positive energy (left hand)
Talismans
 x - a maw talisman
Wands
 o - a wand of paralysis (4)
 p - a wand of acid (2)
 s - a wand of flame (17)
 u - a wand of digging (1)
Scrolls
 a - a scroll of fear
 f - 2 scrolls of teleportation
 y - a scroll of poison
 B - 2 scrolls of revelation
 D - a scroll of summoning {unknown}
 E - a scroll of identify
Potions
 d - 7 potions of haste
 g - a potion of might
 h - 2 potions of magic {unknown}
 i - 3 potions of curing {unknown}
 k - 5 potions of mutation {unknown}
 l - a potion of invisibility {unknown}
 m - 5 potions of heal wounds
 n - 2 potions of degeneration {unknown}
 q - a potion of attraction {unknown}
 r - 4 potions of brilliance
 t - a potion of resistance {unknown}
 w - a potion of berserk rage {unknown}


   Skills:
 + Level 5.9 Fighting
 + Level 5.9 Short Blades
 + Level 5.9 Long Blades
 + Level 5.9 Axes
 + Level 5.9 Maces & Flails
 + Level 5.9 Polearms
 + Level 5.9 Staves
 + Level 5.9 Ranged Weapons
 + Level 6.5 Throwing
 + Level 5.9 Armour
 + Level 5.9 Dodging
 + Level 5.9 Stealth
 + Level 5.9 Shields
 + Level 7.6 Unarmed Combat
 + Level 7.9 Spellcasting
 + Level 4.9 Conjurations
 + Level 4.9 Hexes
 + Level 4.9 Summonings
 + Level 4.9 Necromancy
 + Level 4.9 Translocations
 + Level 4.9 Fire Magic
 + Level 4.9 Ice Magic
 + Level 4.9 Air Magic
 + Level 8.7 Earth Magic
 + Level 4.9 Alchemy
 + Level 6.5 Invocations
 + Level 6.5 Evocations
 + Level 5.4 Shapeshifting


You had 20 spell levels left.
You knew the following spells:

 Your Spells              Type           Power      Damage    Failure   Level
a - Stone Arrow           Conj/Erth      48%        3d10      1%          3
s - Sandblast             Erth           60%        2d14      1%          1

Your spell library contained the following spells:

 Spells                   Type           Power      Damage    Failure   Level
 Volatile Blastmotes      Fire/Tloc      38%        2d13      1%          3
 Brom's Barrelling Bould  Conj/Erth      24%        2d5       2%          4
 Summon Blazeheart Golem  Fire/Summ      19%        N/A       22%         4
 Orb of Destruction       Conj           9%         9d6       98%         7
 Spellforged Servitor     Conj/Summ      9%         N/A       98%         7


Dungeon Overview and Level Annotations

Branches:
Dungeon (8/15)             Temple (0/1) D:6           Sewer (visited)
 Bailey (visited)
   Lair: D:8-11

Altars:
Dithmenos
Elyvilon
Fedhas
Hepliaklqana
Makhleb
Nemelex Xobeh
Vehumet
Xom
Zin

Shops:
D:6 (

Annotations:
D:4 2 transporters, 7tar4e's ghost, amateur OpSh


Innate Abilities, Weirdness & Mutations

You have very sharp teeth.
Your uncanny sense of smell can sniff out nearby items.
Your experience applies equally to all skills.


Message History

You are too injured to fight recklessly!
Casting: Stone Arrow (safe; 1% risk of failure)
Confirm with . or Enter, or press ? or * to list all spells.
Aiming: Stone Arrow (safe; 1% risk of failure)
Press: ? - help, Shift-Dir - straight line, f - deep elf pyromancer
Aim: a deep elf pyromancer, wielding a +0 long sword (severely wounded, 60% to hit)
The stone arrow misses the deep elf pyromancer.
The stone arrow misses the fire elemental.
The liquid fire burns you!
The deep elf pyromancer closely misses you.
Casting: Stone Arrow (safe; 1% risk of failure)
Confirm with . or Enter, or press ? or * to list all spells.
Aiming: Stone Arrow (safe; 1% risk of failure)
Press: ? - help, Shift-Dir - straight line, f/p - deep elf pyromancer
Aim: a deep elf pyromancer, wielding a +0 long sword (severely wounded, 60% to hit)
The stone arrow misses the deep elf pyromancer.
The stone arrow hits the fire elemental!!
The fire elemental is heavily damaged.
The liquid fire burns you!
* * * LOW HITPOINT WARNING * * *
The deep elf pyromancer barely misses you.
You shake off the liquid fire.
The deep elf pyromancer gestures at you while chanting.
The pyre arrow hits you.
You are covered in intense liquid fire!
Casting: Stone Arrow (safe; 1% risk of failure)
Confirm with . or Enter, or press ? or * to list all spells.
Aiming: Stone Arrow (safe; 1% risk of failure)
Press: ? - help, Shift-Dir - straight line, f/p - deep elf pyromancer
Aim: a deep elf pyromancer, wielding a +0 long sword (severely wounded, 60% to hit)
The stone arrow hits the deep elf pyromancer!!
You kill the deep elf pyromancer!
Vehumet accepts your kill.
The fire elemental disappears in a puff of smoke!
The liquid fire burns you!
* * * LOW HITPOINT WARNING * * *
Unknown command.
You shake off some of the fire as you move.
The liquid fire burns you!
You die...

#.######.#.### #.#
#.#.# #.# #.#.#
### #####
###***************
#.#,,,,,,,,,**,,,*
#$#,#+###**,**,,,,
#)#,#$!)*,*,****,.
#@#.#)$∆*∆*,* *,.
#.#.#####,*,* **.
#...#...#,,,* *,
#.###.#.########*,
#.....#........#*,
###†#.#.######....
#.#.#.#.....#***#.
#.#.#.###.#.# #.
#.#.#..,#.#.# #.


There were no monsters in sight!

Vanquished Creatures
  An orc knight (Bailey)
  A deep elf pyromancer (D:8)
  2 kobold demonologists (Bailey)
  A shadow (D:5)
  A wraith (D:8)
  Duvessa (D:6)
  3 water moccasins
  2 ice beasts
  11 orc warriors
  A black bear (D:5)
  A sky beast (D:8)
  3 phantoms
  A kobold brigand (Sewer)
  Blork the orc (D:4)
  A bullfrog (D:8)
  3 scorpions
  7 wights (D:7)
  Dowan (D:6)
  3 killer bees (D:7)
  3 howler monkeys
  4 electric eels (Bailey)
  3 bombardier beetles (D:5)
  3 jellies
  4 orc priests
  6 hounds
  A gnoll bouda (D:5)
  7 iguanas
  4 orc wizards
  2 sleepcaps
  15 gnolls
  7 adders
  7 river rats
  A white imp (D:5)
  4 ufetubi
  4 dart slugs
  A ribbon worm (D:3)
  26 orcs
  5 endoplasms
  4 giant cockroaches
  14 goblins
  18 hobgoblins
  5 jackals
  4 quokkas
  14 ball pythons
  6 bats
  7 frilled lizards
  20 kobolds
  21 rats
265 creatures vanquished.

Notes
Turn   | Place    | Note
-------+----------+-------------------------------------------
     0 | D:1      | hypolearner the Gnoll Wanderer began the quest for the Orb.
     0 | D:1      | hypolearner set off with the following items: a +0 dagger,
                  | 8 poisoned darts, a potion of lignification, a potion of
                  | haste, a +0 leather armour; and the following spell
                  | memorised: Sandblast; and the following spells available to
                  | memorise: Stone Arrow, Brom's Barrelling Boulder.
     0 | D:1      | Reached XP level 1. HP: 13/13 MP: 6/6
   207 | D:1      | Reached XP level 2. HP: 19/19 MP: 4/7
  1072 | D:1      | Reached skill level 5 in Spellcasting
  1072 | D:1      | Reached XP level 3. HP: 25/25 MP: 5/9
  1266 | D:1      | Reached skill level 1 in Invocations
  1349 | D:2      | Reached skill level 1 in Fighting
  1349 | D:2      | Reached skill level 1 in Short Blades
  1349 | D:2      | Reached skill level 1 in Long Blades
  1349 | D:2      | Reached skill level 1 in Axes
  1349 | D:2      | Reached skill level 1 in Maces & Flails
  1349 | D:2      | Reached skill level 1 in Polearms
  1349 | D:2      | Reached skill level 1 in Staves
  1349 | D:2      | Reached skill level 1 in Ranged Weapons
  1349 | D:2      | Reached skill level 1 in Armour
  1349 | D:2      | Reached skill level 1 in Dodging
  1349 | D:2      | Reached skill level 1 in Stealth
  1349 | D:2      | Reached skill level 1 in Shields
  1424 | D:2      | Reached skill level 1 in Shapeshifting
  1424 | D:2      | Reached XP level 4. HP: 29/32 MP: 8/11
  1847 | D:2      | Reached skill level 1 in Conjurations
  1847 | D:2      | Reached skill level 1 in Hexes
  1847 | D:2      | Reached skill level 1 in Summonings
  1847 | D:2      | Reached skill level 1 in Necromancy
  1847 | D:2      | Reached skill level 1 in Translocations
  1847 | D:2      | Reached skill level 1 in Fire Magic
  1847 | D:2      | Reached skill level 1 in Ice Magic
  1847 | D:2      | Reached skill level 1 in Air Magic
  1847 | D:2      | Reached skill level 1 in Alchemy
  2276 | D:3      | Reached XP level 5. HP: 37/37 MP: 8/12
  2361 | D:3      | Identified the +1 short sword of Nejota {flame, Dex+2}
  2732 | D:4      | Found a glowing drain.
  2775 | Sewer    | Entered a sewer
  3209 | Sewer    | Reached XP level 6. HP: 39/44 MP: 7/13
  3213 | Sewer    | Learned a level 3 spell: Stone Arrow
  3385 | Sewer    | Reached skill level 5 in Unarmed Combat
  3806 | D:4      | Found a transporter.
  4250 | D:4      | Noticed Blork the orc
  4256 | D:4      | Killed Blork the orc
  4262 | D:4      | Reached XP level 7. HP: 50/51 MP: 7/15
  4329 | D:4      | Noticed 7tar4e's ghost (amateur OpSh)
  4330 | D:4      | Found a transporter.
  4332 | D:4      | Identified the +5 giant club of Faime {freeze, rN+ MP-9
                  | Str+6 Stlth-}
  4426 | D:5      | Entered Level 5 of the Dungeon
  4650 | D:5      | Found a radiant altar of Vehumet.
  4686 | D:5      | Became a worshipper of Vehumet
  5001 | D:5      | Reached XP level 8. HP: 28/58 MP: 9/16
  5246 | D:5      | Found a hazy altar of Hepliaklqana.
  5247 | D:5      | Found a shimmering altar of Xom.
  5248 | D:5      | Noticed a spectral ugly thing
  5865 | D:6      | Noticed a shadow
  5875 | D:5      | Killed a shadow
  5875 | D:5      | Reached * piety under Vehumet
  5875 | D:5      | Offered knowledge of Sting by Vehumet.
  6431 | D:6      | Reached XP level 9. HP: 58/65 MP: 4/18
  6738 | D:5      | Reached skill level 8 in Earth Magic
  6745 | D:5      | Reached skill level 5 in Throwing
  6745 | D:5      | Reached skill level 5 in Evocations
  6888 | D:6      | Found Ysemesm's Antique Weapon Shoppe.
  6930 | D:6      | Bought a glowing scimitar for 147 gold pieces
  7059 | D:6      | Found a staircase to the Ecumenical Temple.
  7060 | D:6      | Noticed Duvessa
  7064 | D:6      | Noticed Dowan
  7075 | D:6      | Killed Duvessa
  7094 | D:6      | Killed Dowan
  7379 | D:7      | Found a shadowy altar of Dithmenos.
  7801 | D:7      | Reached skill level 5 in Invocations
  8025 | D:7      | Found a burning altar of Makhleb.
  8027 | D:7      | Found a glowing silver altar of Zin.
  8027 | D:7      | Noticed a cacodemon
  8027 | D:7      | Noticed an angel
  8052 | D:7      | Reached ** piety under Vehumet
  8052 | D:7      | Offered knowledge of Mercury Vapours by Vehumet.
  9032 | D:8      | Found a flagged portal.
  9040 | Bailey   | Entered a bailey
  9057 | Bailey   | Reached skill level 5 in Fighting
  9057 | Bailey   | Reached skill level 5 in Short Blades
  9057 | Bailey   | Reached skill level 5 in Long Blades
  9057 | Bailey   | Reached skill level 5 in Axes
  9057 | Bailey   | Reached skill level 5 in Maces & Flails
  9057 | Bailey   | Reached skill level 5 in Polearms
  9057 | Bailey   | Reached skill level 5 in Staves
  9057 | Bailey   | Reached skill level 5 in Ranged Weapons
  9057 | Bailey   | Reached skill level 5 in Armour
  9057 | Bailey   | Reached skill level 5 in Dodging
  9057 | Bailey   | Reached skill level 5 in Stealth
  9057 | Bailey   | Reached skill level 5 in Shields
  9057 | Bailey   | Reached XP level 10. HP: 74/74 MP: 20/20
  9297 | Bailey   | Noticed an orc knight
  9309 | Bailey   | Killed an orc knight
  9460 | Bailey   | Noticed a kobold demonologist
  9476 | Bailey   | Killed a kobold demonologist
  9515 | Bailey   | Reached skill level 5 in Shapeshifting
  9719 | Bailey   | Acquired a +0 demon blade of draining
  9942 | Bailey   | Offered knowledge of Volatile Blastmotes by Vehumet.
 10107 | Bailey   | Found an iron altar of Okawaru.
 10107 | Bailey   | Noticed a kobold demonologist
 10113 | Bailey   | Killed a kobold demonologist
 10113 | Bailey   | Reached *** piety under Vehumet
 10164 | Bailey   | Identified the +5 battleaxe "Haw Aberph" {freeze, rPois rF+
                  | Will+ Str-3}
 10174 | Bailey   | Identified the +2 kite shield of the Storm King {rPois
                  | Will++ Str+3 Int-5}
 10413 | D:8      | Found a blossoming altar of Fedhas.
 10688 | D:8      | Found a sparkling altar of Nemelex Xobeh.
 10691 | D:8      | Found a white marble altar of Elyvilon.
 10922 | D:8      | Noticed a deep elf pyromancer
 10940 | D:8      | Killed a deep elf pyromancer
 10941 | D:8      | Incinerated by a deep elf pyromancer

Illustrated notes

Levels and vault maps discovered:
D:1:      minmay_arrival_wavy_path, layout_loops_corners,
          chequers_serial_rivers_small_b, dk_noncrumbling_3
D:2:      layout_rooms, guppyfry_early_orc_mine
D:3:      layout_rooms, hangedman_abyss_or_decor_stabs
D:4:      layout_gridville, gammafunk_ghost_smash, portal_sewer_entry_a,
          uniq_blork_the_orc
D:5:      layout_gridville, regret_index_temple_of_mockery,
          mainiacjoe_overflow_brackets
D:6:      layout_rooms, minmay_temple_entry_proselytizer, serial_shops, shop,
          minmay_crystal_water, grunt_potential, uniq_duvessa
D:7:      layout_layer_cave, grunt_temple_overflow_order_and_chaos_2,
          nicolae_dithmenos_the_darkroom
D:8:      layout_loops_ring, mainiacjoe_overflow_chevrons,
          overflow_temple_1_default, chequers_temple_overflow_statue_of_worship,
          enter_bailey_2, wad_mini_maze

Skill      XL: |  1  2  3  4  5  6  7  8  9 10 |
---------------+-------------------------------+-----
Spellcasting   | 5 6 7 |  7.9
Invocations    | 1 2 3 4 5 6 |  6.5
Fighting       | 1 2 3 5 |  5.9
Short Blades   | 1 2 3 5 |  5.9
Long Blades    | 1 2 3 5 |  5.9
Axes           | 1 2 3 5 |  5.9
Maces & Flails | 1 2 3 5 |  5.9
Polearms       | 1 2 3 5 |  5.9
Staves         | 1 2 3 5 |  5.9
Ranged Weapons | 1 2 3 5 |  5.9
Armour         | 1 2 3 5 |  5.9
Dodging        | 1 2 3 5 |  5.9
Stealth        | 1 2 3 5 |  5.9
Shields        | 1 2 3 5 |  5.9
Shapeshifting  | 1 2 3 4 5 |  5.4
Conjurations   | 1 2 3 4 |  4.9
Hexes          | 1 2 3 4 |  4.9
Summonings     | 1 2 3 4 |  4.9
Necromancy     | 1 2 3 4 |  4.9
Translocations | 1 2 3 4 |  4.9
Fire Magic     | 1 2 3 4 |  4.9
Ice Magic      | 1 2 3 4 |  4.9
Air Magic      | 1 2 3 4 |  4.9
Alchemy        | 1 2 3 4 |  4.9
Throwing       | 3 4 5 6 |  6.5
Evocations     | 3 4 5 6 |  6.5
Unarmed Combat | 5 6 7 |  7.6
Earth Magic    | 8 |  8.7

Action                     |  1- 3 |  4- 6 |  7- 9 | 10-12 || total
---------------------------+-------+-------+-------+-------++-------
  Melee: Short sword       |       |    31 |    34 |       ||    65
         Bite              |       |     2 |     3 |    10 ||    15
         Punch             |       |       |     2 |     8 ||    10
         Rapier            |       |       |    18 |    14 ||    32
         Scimitar          |       |       |     9 |       ||     9
         Demon blade       |       |       |       |    45 ||    45
  Throw: Dart              |       |       |     6 |       ||     6
   Cast: Sandblast         |    48 |   146 |    81 |       ||   275
         Stone Arrow       |       |       |    89 |    58 ||   147
  Evoke: Wand              |       |       |     7 |     6 ||    13
    Use: Scroll            |       |     9 |     5 |     2 ||    16
         Potion            |       |     2 |     1 |     2 ||     5
   Stab: Paralysed         |       |       |     1 |       ||     1
         Sleeping          |       |       |     1 |       ||     1
 Armour: Leather armour    |    16 |    85 |   130 |    46 ||   277
         Skin              |       |     7 |       |       ||     7
  Dodge: Dodged            |    12 |    87 |   120 |    42 ||   261
